MID
LAKEWOOD BLUECLAWS @ ATLANTA (MID) BRAVES
06/28/2047
 
TOP OF THE 1ST
Lakewood BlueClaws batting - Pitching for Atlanta (MID) Braves : RHP Brian Bailes
Pitching: RHP Brian Bailes
Batting: RHB Joe Hewitt 0-0: Foul Ball, location: 2F
0-1: Foul Ball, location: 2F
0-2: SINGLE (Groundball, 4D, EV 101.9 MPH)
Batting: RHB Vaclav Been 0-0: Called Strike
0-1: Called Strike
0-2: Foul Ball, location: 2F
0-2: Ball
1-2: Ball
2-2: Fly out, F8 (Flyball, 8LD, EV 78.1 MPH)
Batting: SHB Ben Myers 0-0: Called Strike
Joe Hewitt steals 2nd base
0-1: Called Strike
0-2: Strikes out swinging
Batting: LHB Eric Farren 0-0: Ball
1-0: Ball
2-0: Foul Ball, location: 2F
2-1: Swinging Strike
2-2: Hit by Pitch
Batting: RHB Allen Gravel 0-0: Foul Ball, location: 2F
0-1: Ball
1-1: Swinging Strike
1-2: Strikes out swinging
Top of the 1st over - 0 runs, 1 hit, 0 errors, 2 left on base; Lakewood 0 - Atlanta (MID) 0
BOTTOM OF THE 1ST
Atlanta (MID) Braves batting - Pitching for Lakewood BlueClaws : RHP Danny Zuniga
Pitching: RHP Danny Zuniga
Batting: SHB Jose Melendez 0-0: Called Strike
0-1: Swinging Strike
0-2: Strikes out looking
Batting: RHB Nick Holsinger 0-0: Ball
1-0: Ground out 6-3 (Groundball, 6, EV 101.2 MPH)
Batting: RHB Joe Young 0-0: Ball
1-0: Fly out, F8 (Flyball, 8RXD, EV 95.0 MPH)
Bottom of the 1st over - 0 runs, 0 hits, 0 errors, 0 left on base; Lakewood 0 - Atlanta (MID) 0
TOP OF THE 2ND
Lakewood BlueClaws batting - Pitching for Atlanta (MID) Braves : RHP Brian Bailes
Batting: RHB Marcus Dawson 0-0: Ball
1-0: Ball
2-0: Ball
3-0: Called Strike
3-1: Ground out 6-3 (Groundball, 6, EV 87.5 MPH)
Batting: RHB Frank Ramirez 0-0: Ball
1-0: DOUBLE (Groundball, 5L, EV 106.9 MPH)
Batting: RHB Cory Bonham 0-0: Called Strike
0-1: Fly out, F8 (Flyball, 8LD, EV 88.8 MPH)
Batting: RHB Ioan Biros 0-0: Called Strike
0-1: Swinging Strike
0-2: Ball
1-2: Fly out, F9 (Flyball, 89M, EV 88.8 MPH)
Top of the 2nd over - 0 runs, 1 hit, 0 errors, 1 left on base; Lakewood 0 - Atlanta (MID) 0
BOTTOM OF THE 2ND
Atlanta (MID) Braves batting - Pitching for Lakewood BlueClaws : RHP Danny Zuniga
Batting: LHB Art D'Ascenzo 0-0: Called Strike
0-1: Swinging Strike
0-2: Ground out 4-3 (Groundball, 34D, EV 91.2 MPH)
Batting: RHB Yojiro Hayashi 0-0: Ball
1-0: Ball
2-0: Swinging Strike
2-1: Ball
3-1: Swinging Strike
3-2: Foul Ball, location: 2F
3-2: Foul Ball, location: 2F
3-2: Foul Ball, location: 2F
3-2: SOLO HOME RUN (Flyball, 7D, EV 99.4 MPH), Distance : 362 ft
Batting: RHB Gerard Michel 0-0: DOUBLE (Flyball, 8LXD, EV 110.0 MPH)
Batting: LHB Joe Phillips 0-0: Ball
1-0: Called Strike
1-1: Fly out, F7 (Line Drive, 7, EV 96.2 MPH)
Batting: RHB David Zelaya 0-0: Called Strike
0-1: Ground out 4-3 (Groundball, 34, EV 85.6 MPH)
Bottom of the 2nd over - 1 run, 2 hits, 0 errors, 1 left on base; Lakewood 0 - Atlanta (MID) 1
TOP OF THE 3RD
Lakewood BlueClaws batting - Pitching for Atlanta (MID) Braves : RHP Brian Bailes
Batting: RHB Joe Hewitt 0-0: Called Strike
0-1: Fly out, F7 (Flyball, 7LSF, EV 73.1 MPH)
Batting: RHB Vaclav Been 0-0: SINGLE (Groundball, 4D, EV 96.9 MPH)
Batting: SHB Ben Myers 0-0: Ball
1-0: Called Strike
1-1: Called Strike
1-2: Foul Ball, location: 2F
1-2: Strikes out swinging
Batting: LHB Eric Farren 0-0: Called Strike
0-1: Ball
1-1: Foul Ball, location: 2F
1-2: Ground out 6-3 (Groundball, 6MD, EV 102.5 MPH)
Top of the 3rd over - 0 runs, 1 hit, 0 errors, 1 left on base; Lakewood 0 - Atlanta (MID) 1
BOTTOM OF THE 3RD
Atlanta (MID) Braves batting - Pitching for Lakewood BlueClaws : RHP Danny Zuniga
Batting: RHB Miguel Vazquez 0-0: Ball
1-0: Ball
2-0: Ball
3-0: Base on Balls
Batting: SHB Jose Melendez 0-0: DOUBLE (Line Drive, 3D, EV 103.1 MPH)
Miguel Vazquez to third
Batting: RHB Nick Holsinger 0-0: Foul Ball, location: 2F
0-1: Foul Ball, location: 2F
0-2: SINGLE (Line Drive, 89S, EV 91.2 MPH)
Miguel Vazquez scores
Jose Melendez to third
Batting: RHB Joe Young 0-0: Called Strike
0-1: Ball
Nick Holsinger is caught stealing 2nd base 2-4
1-1: Ball
Wild Pitch!
Jose Melendez scores
2-1: Called Strike
2-2: Ball
3-2: Reached on error, E6 (Groundball, 6, EV 84.4 MPH)
Batting: LHB Art D'Ascenzo 0-0: Foul Ball, location: 2F
0-1: Foul Ball, location: 2F
0-2: SINGLE (Groundball, 34D, EV 105.6 MPH)
Joe Young to third
Runner from 3rd tries for Home, SAFE, throw by RF to home
Batting: RHB Yojiro Hayashi 0-0: Ball
1-0: Foul Ball, location: 2F
1-1: Called Strike
1-2: Foul Ball, location: 2F
1-2: Fly out, F9 (Flyball, 9D, EV 100.0 MPH)
Batting: RHB Gerard Michel 0-0: Called Strike
0-1: Fly out, F9 (Flyball, 9, EV 89.4 MPH)
Bottom of the 3rd over - 3 runs, 3 hits, 1 error, 1 left on base; Lakewood 0 - Atlanta (MID) 4
TOP OF THE 4TH
Lakewood BlueClaws batting - Pitching for Atlanta (MID) Braves : RHP Brian Bailes
Batting: RHB Allen Gravel 0-0: Ball
1-0: Foul Ball, location: 2F
1-1: Fly out, F6 (Line Drive, 6, EV 68.8 MPH)
Batting: RHB Marcus Dawson 0-0: Ball
1-0: Called Strike
1-1: Fly out, F9 (Line Drive, 9, EV 84.4 MPH)
Batting: RHB Frank Ramirez 0-0: Ground out 6-3 (Groundball, P, EV 83.1 MPH)
Top of the 4th over - 0 runs, 0 hits, 0 errors, 0 left on base; Lakewood 0 - Atlanta (MID) 4
BOTTOM OF THE 4TH
Atlanta (MID) Braves batting - Pitching for Lakewood BlueClaws : RHP Danny Zuniga
Batting: LHB Joe Phillips 0-0: Ball
1-0: Called Strike
1-1: Called Strike
1-2: Ground out 1-3 (Groundball, 13S, EV 68.8 MPH)
Batting: RHB David Zelaya 0-0: Foul Ball, location: 2F
0-1: Foul Ball, location: 2F
0-2: Ball
1-2: SINGLE (Line Drive, 7S, EV 100.0 MPH)
Batting: RHB Miguel Vazquez 0-0: Called Strike
0-1: Foul Ball, location: 2F
0-2: Strikes out swinging
Batting: SHB Jose Melendez 0-0: Ball
1-0: Called Strike
1-1: Ball
2-1: 2-RUN HOME RUN (Line Drive, 78XD, EV 115.0 MPH), Distance : 417 ft
Pitching: RHP Billy Havlik
Batting: RHB Nick Holsinger 0-0: Called Strike
0-1: Ball
1-1: Foul Ball, location: 2F
1-2: Foul Ball, location: 2F
1-2: Strikes out swinging
Bottom of the 4th over - 2 runs, 2 hits, 0 errors, 0 left on base; Lakewood 0 - Atlanta (MID) 6
TOP OF THE 5TH
Lakewood BlueClaws batting - Pitching for Atlanta (MID) Braves : RHP Brian Bailes
Batting: RHB Cory Bonham 0-0: Called Strike
0-1: Foul Ball, location: 2F
0-2: Ball
1-2: Ground out 6-3 (Groundball, 6M, EV 80.6 MPH)
Batting: RHB Ioan Biros 0-0: Called Strike
0-1: Foul Ball, location: 2F
0-2: Strikes out swinging
Batting: RHB Joe Hewitt 0-0: Foul Ball, location: 2F
0-1: Ball
1-1: Swinging Strike
1-2: Ground out 4-3 (Groundball, 4, EV 101.9 MPH)
Top of the 5th over - 0 runs, 0 hits, 0 errors, 0 left on base; Lakewood 0 - Atlanta (MID) 6
BOTTOM OF THE 5TH
Atlanta (MID) Braves batting - Pitching for Lakewood BlueClaws : RHP Billy Havlik
Batting: RHB Joe Young 0-0: Ball
1-0: Swinging Strike
1-1: Ball
2-1: Foul Ball, location: 2F
2-2: Ground out 4-3 (Groundball, 4MS, EV 85.6 MPH)
Batting: LHB Art D'Ascenzo 0-0: Ball
1-0: Ball
2-0: Called Strike
2-1: Ball
3-1: Called Strike
3-2: SINGLE (Groundball, 34D, EV 105.6 MPH)
Batting: RHB Yojiro Hayashi 0-0: Ball
1-0: Called Strike
Art D'Ascenzo steals 2nd base
1-1: Ball
2-1: 2-RUN HOME RUN (Flyball, 78XD, EV 113.8 MPH), Distance : 422 ft
Batting: RHB Gerard Michel 0-0: Swinging Strike
0-1: Ball
1-1: Ground out 4-3 (Groundball, 4, EV 85.6 MPH)
Batting: LHB Joe Phillips 0-0: Swinging Strike
0-1: DOUBLE (Flyball, 8RD, EV 93.8 MPH)
Batting: RHB David Zelaya 0-0: Ball
1-0: Reaches on Catchers interference
Batting: RHB Miguel Vazquez 0-0: Ball
1-0: Called Strike
1-1: Ball
2-1: Foul Ball, location: 2F
2-2: Fielders Choice at 2nd, 6-4 (Groundball, 6, EV 103.8 MPH)
Bottom of the 5th over - 2 runs, 3 hits, 1 error, 2 left on base; Lakewood 0 - Atlanta (MID) 8
TOP OF THE 6TH
Lakewood BlueClaws batting - Pitching for Atlanta (MID) Braves : RHP Brian Bailes
Batting: RHB Vaclav Been 0-0: Foul Ball, location: 2F
0-1: Swinging Strike
0-2: Strikes out swinging
Batting: SHB Ben Myers 0-0: Called Strike
0-1: Foul Ball, location: 2F
0-2: Strikes out swinging
Batting: LHB Eric Farren 0-0: Foul Ball, location: 2F
0-1: SINGLE (Groundball, P, EV 83.8 MPH) (infield hit)
Batting: RHB Allen Gravel 0-0: Foul Ball, location: 2F
0-1: Fly out, F7 (Flyball, 7S, EV 90.0 MPH)
Top of the 6th over - 0 runs, 1 hit, 0 errors, 1 left on base; Lakewood 0 - Atlanta (MID) 8
BOTTOM OF THE 6TH
Atlanta (MID) Braves batting - Pitching for Lakewood BlueClaws : RHP Billy Havlik
Batting: SHB Jose Melendez 0-0: Swinging Strike
0-1: Fly out, F8 (Flyball, 8LD, EV 98.8 MPH)
Batting: RHB Nick Holsinger 0-0: Ball
1-0: Ball
2-0: Ball
3-0: Foul Ball, location: 2F
3-1: Base on Balls
Batting: RHB Joe Young 0-0: Ball
1-0: Swinging Strike
1-1: Swinging Strike
1-2: Foul Ball, location: 2F
1-2: Ball
2-2: Ball
3-2: Strikes out swinging
Batting: LHB Art D'Ascenzo 0-0: Foul Ball, location: 2F
0-1: Ball
1-1: Ball
2-1: Ball
3-1: Foul Ball, location: 2F
3-2: Base on Balls
Nick Holsinger to second
Batting: RHB Yojiro Hayashi 0-0: Called Strike
0-1: Ball
1-1: Ball
2-1: Foul Ball, location: 2F
2-2: 3-RUN HOME RUN (Line Drive, 7D, EV 96.2 MPH), Distance : 380 ft
Batting: RHB Gerard Michel 0-0: Called Strike
0-1: Ball
1-1: Swinging Strike
1-2: Ball
2-2: Strikes out swinging
Bottom of the 6th over - 3 runs, 1 hit, 0 errors, 0 left on base; Lakewood 0 - Atlanta (MID) 11
TOP OF THE 7TH
Lakewood BlueClaws batting - Pitching for Atlanta (MID) Braves : RHP Brian Bailes
Batting: RHB Marcus Dawson 0-0: Foul Ball, location: 2F
0-1: Called Strike
0-2: Ball
1-2: Ball
2-2: Strikes out looking
Batting: RHB Frank Ramirez 0-0: Ball
1-0: Foul Ball, location: 2F
1-1: Called Strike
1-2: Ball
2-2: Strikes out looking
Batting: RHB Cory Bonham 0-0: Called Strike
0-1: Ball
1-1: Ball
2-1: Swinging Strike
2-2: Foul Ball, location: 2F
2-2: Strikes out swinging
Top of the 7th over - 0 runs, 0 hits, 0 errors, 0 left on base; Lakewood 0 - Atlanta (MID) 11
BOTTOM OF THE 7TH
Atlanta (MID) Braves batting - Pitching for Lakewood BlueClaws : RHP Billy Havlik
Pinch Hitting: LHB Malik Boulay 0-0: Ball
1-0: Ball
2-0: Swinging Strike
2-1: Foul Ball, location: 2F
2-2: Strikes out swinging
Pitching: RHP Roy Walker
Batting: RHB David Zelaya 0-0: Ball
1-0: Ball
2-0: SINGLE (Groundball, 6MD, EV 105.6 MPH)
Batting: RHB Miguel Vazquez 0-0: DOUBLE (Line Drive, 7LM, EV 111.2 MPH)
David Zelaya to third
Pinch Hitting: RHB George Provance 0-0: Called Strike
0-1: Foul Ball, location: 2F
0-2: Ground out 5-3 (Groundball, 5, EV 96.2 MPH)
Batting: RHB Nick Holsinger 0-0: Ball
1-0: SINGLE (Line Drive, 7S, EV 88.1 MPH)
David Zelaya scores
Miguel Vazquez to third
Runner from 3rd tries for Home, throw by LF and OUT! 7-2
Bottom of the 7th over - 1 run, 3 hits, 0 errors, 1 left on base; Lakewood 0 - Atlanta (MID) 12
TOP OF THE 8TH
Lakewood BlueClaws batting - Pitching for Atlanta (MID) Braves : RHP Brian Bailes
Now at 2B: Malik Boulay
Now at SS: Joe Young
Now in CF: George Provance
Batting: RHB Ioan Biros 0-0: Ball
1-0: Called Strike
1-1: Swinging Strike
1-2: Ball
2-2: Strikes out looking
Batting: RHB Joe Hewitt 0-0: Ball
1-0: SINGLE (Groundball, 6MD, EV 101.2 MPH)
Batting: RHB Vaclav Been 0-0: Fielders Choice at 2nd, 6-4 (Groundball, 6, EV 90.6 MPH)
Batting: SHB Ben Myers 0-0: Called Strike
0-1: Ball
1-1: Swinging Strike
1-2: Strikes out swinging
Top of the 8th over - 0 runs, 1 hit, 0 errors, 1 left on base; Lakewood 0 - Atlanta (MID) 12
BOTTOM OF THE 8TH
Atlanta (MID) Braves batting - Pitching for Lakewood BlueClaws : RHP Roy Walker
Batting: RHB Joe Young 0-0: Called Strike
0-1: Ball
1-1: Foul Ball, location: 2F
1-2: Ball
2-2: Ball
3-2: Foul Ball, location: 2F
3-2: Base on Balls
Batting: LHB Art D'Ascenzo 0-0: TRIPLE (Line Drive, 89XD, EV 101.2 MPH)
Joe Young scores
Batting: RHB Yojiro Hayashi 0-0: Foul Ball, location: 2F
0-1: Swinging Strike
0-2: Foul Ball, location: 2F
0-2: Ball
1-2: Ball
2-2: Strikes out swinging
Batting: RHB Gerard Michel 0-0: Ground out 4-3 (Groundball, 4, EV 88.1 MPH)
Art D'Ascenzo scores
Batting: LHB Malik Boulay 0-0: Called Strike
0-1: SINGLE (Line Drive, 78S, EV 98.1 MPH)
Batting: RHB David Zelaya 0-0: Foul Ball, location: 2F
0-1: Called Strike
0-2: Foul Ball, location: 2F
0-2: Ball
1-2: Ball
2-2: Ball
3-2: SINGLE (Groundball, 56D, EV 107.5 MPH)
Malik Boulay to second
Malik Boulay to third
Batting: RHB Miguel Vazquez 0-0: Foul Ball, location: 2F
0-1: Fly out, F8 (Flyball, 78M, EV 90.0 MPH)
Bottom of the 8th over - 2 runs, 3 hits, 0 errors, 2 left on base; Lakewood 0 - Atlanta (MID) 14
TOP OF THE 9TH
Lakewood BlueClaws batting - Pitching for Atlanta (MID) Braves : RHP Brian Bailes
Batting: LHB Eric Farren 0-0: Called Strike
0-1: Foul Ball, location: 2F
0-2: Foul Ball, location: 2F
0-2: Ball
1-2: Ball
2-2: Ground out 4-3 (Groundball, 4, EV 83.1 MPH)
Batting: RHB Allen Gravel 0-0: Ball
1-0: Called Strike
1-1: Ball
2-1: SINGLE (Groundball, 4MD, EV 93.8 MPH)
Pitching: RHP Mike Warren
Batting: RHB Marcus Dawson 0-0: Ball
1-0: Fielders Choice at 2nd, 4-6 (Groundball, 34, EV 88.1 MPH)
Batting: RHB Frank Ramirez 0-0: Hit by Pitch
Marcus Dawson to second
Batting: RHB Cory Bonham 0-0: Called Strike
0-1: Ball
1-1: Swinging Strike
1-2: Foul Ball, location: 2F
1-2: Ball
2-2: Fielders Choice at 2nd, 6-4 (Groundball, 6, EV 83.8 MPH)
Top of the 9th over - 0 runs, 1 hit, 0 errors, 2 left on base; Lakewood 0 - Atlanta (MID) 14
Thursday, December 15th , 2022 - OOTP Baseball 23.9 Build 102